 Dungeon Crawl Stone Soup version 0.30.0-29-ga12c61a403 (webtiles) character file.

Game seed: 17794245581810861092

266 sweetbreads the Chopper (level 6, 0/53 HPs)
             Began as a Minotaur Berserker on June 5, 2023.
             Was a Believer of Trog.
             Killed from afar by an orc wizard (7 damage)
             ... with a magic dart
             ... on level 5 of the Dungeon.
             The game lasted 00:07:19 (2761 turns).

sweetbreads the Chopper (Minotaur Berserker)        Turns: 2761, Time: 00:07:21

Health: 0/53       AC:  5    Str: 23    XL:     6   Next: 0%
Magic:  5/5        EV: 12    Int:  4    God:    Trog [**....]
Gold:   195        SH:  0    Dex: 10    Spells: 5/5 levels left

rFire   . . .        c - +0 war axe
rCold   . . .        (no shield)
rNeg    . . .        t - +0 ring mail
rPois   .            (helmet restricted)
rElec   .            l - scarf {+Inv}
rCorr   .            (no gloves)
SInv    .            (no boots)
Will    .....        (no amulet) Stlth
                     (no ring)
HPRegen 0.28/turn    (no ring)
MPRegen 0.09/turn

%: no passive effects
@: no status effects
A: horns 2, retaliatory headbutt
a: Renounce Religion, Evoke Invisibility, Berserk, Trog's Hand


You were on level 5 of the Dungeon.
You worshipped Trog.
Trog was pleased with you.
You visited 1 branch of the dungeon, and saw 5 of its levels.

You collected 195 gold pieces.

Inventory:

Hand Weapons
 a - a +0 hand axe
 c - a +0 war axe (weapon)
 e - a +0 mace of protection
Missiles
 f - 6 poisoned darts (quivered)
Armour
 b - a +0 animal skin
 l - a scarf of invisibility (worn)
 r - a +0 leather armour
 t - a +0 ring mail (worn)
Jewellery
 u - a +6 ring of intelligence
 x - a ring of willpower
Scrolls
 d - a scroll of fog {unknown}
 g - a scroll of magic mapping {unknown}
 h - 3 scrolls of identify {unknown}
 i - a scroll of vulnerability {unknown}
 j - 3 scrolls of enchant weapon {unknown}
 k - a scroll of immolation {unknown}
 q - 2 scrolls of teleportation {unknown}
 s - a scroll of enchant armour {unknown}
 v - a scroll of blinking {unknown}
Potions
 m - a potion of brilliance {unknown}
 n - a potion of curing {unknown}
 o - a potion of magic {unknown}
 p - a potion of heal wounds {unknown}
 w - a potion of might {unknown}


   Skills:
 + Level 4.7 Fighting
 + Level 5.5 Axes
 * Level 3.6 Armour
 * Level 3.7 Dodging
 * Level 2.0 Unarmed Combat


You had 5 spell levels left.
You didn't know any spells.
Your spell library was empty.

Dungeon Overview and Level Annotations

Branches:
Dungeon (5/15)
 Temple: D:4-7

Altars:


Innate Abilities, Weirdness & Mutations

You have a pair of horns on your head.
You reflexively headbutt those who attack you in melee.


Message History

A magic dart appears from out of thin air!
The magic dart hits you!
You closely miss something. Something hits you.
You miss something. Something hits you but does no damage. Something hits you.
You slash something! Your headbutt misses something. Something hits you.
You closely miss something. Something hits you but does no damage.
You miss something. Your headbutt misses something.
Something hits you but does no damage.
You hit something. Your headbutt misses something.
Something completely misses you. Something hits you.
You barely miss something.
You hear some strange, mumbled words.
A puff of flame appears from out of thin air!
The puff of flame hits you.
You miss something. Something hits you.
You hit something but do no damage. Something hits you but does no damage.
You miss something.
Something hits you but does no damage. x2
You closely miss something.
You hear some strange, mumbled words.
A puff of flame appears from out of thin air!
The puff of flame misses you.
You miss something. Something hits you but does no damage.
You barely miss something. Something hits you but does no damage.
You barely miss something.
You hear some strange, mumbled words.
Something tries to affect you, but you resist.
Something hits you.
You closely miss something. Something hits you.
You miss something. Something hits you but does no damage.
You closely miss something. Your headbutt misses something. Something hits you.
* * * LOW HITPOINT WARNING * * *
Unknown command.
You completely miss something.
An orc wizard appears from thin air!
Reactivating autopickup.
The orc wizard points at you and mumbles some strange words.
The puff of flame hits you!
* * * LOW HITPOINT WARNING * * *
The orc wizard gestures at you while chanting.
The magic dart hits you!
You die...

#............#
#...........####.
#................
#................
#................
.......<.........
.......[.........
########......... ...
#o@....... ...#+#######
#......... ............
...........
#.......................
#....................###
#....................#
#...........(........#
#'# #####.......# #.#


You could see an orc wizard.

Vanquished Creatures
  3 orc priests
  3 orc wizards
  A gnoll (D:1)
  2 adders (D:2)
  2 worms
  A dart slug (D:1)
  5 orcs (D:2)
  7 ball pythons
  4 endoplasms
  5 giant cockroaches
  4 goblins
  4 hobgoblins
  5 jackals
  4 quokkas
  4 bats
  7 frilled lizards
  5 kobolds
  2 rats
  A spectral hobgoblin (D:2)
69 creatures vanquished.

Notes
Turn   | Place    | Note
-------+----------+-------------------------------------------
     0 | D:1      | sweetbreads the Minotaur Berserker began the quest for the
                  | Orb.
     0 | D:1      | Reached XP level 1. HP: 19/19 MP: 0/0
    85 | D:1      | Reached XP level 2. HP: 18/27 MP: 1/1
   270 | D:1      | Reached skill level 4 in Axes
   465 | D:2      | Reached XP level 3. HP: 33/33 MP: 2/2
   469 | D:2      | Found a faded altar of an unknown god.
  1064 | D:2      | Reached ** piety under Trog
  1085 | D:2      | Reached skill level 1 in Unarmed Combat
  1156 | D:2      | Reached XP level 4. HP: 40/40 MP: 3/3
  1374 | D:2      | Reached XP level 5. HP: 42/47 MP: 4/4
  1989 | D:3      | Reached skill level 5 in Axes
  2340 | D:5      | Entered Level 5 of the Dungeon
  2740 | D:5      | Reached XP level 6. HP: 49/53 MP: 5/5
  2761 | D:5      | Killed from afar by an orc wizard

Illustrated notes

Levels and vault maps discovered:
D:1:      lemuel_arrival_river_bridge, layout_basic
D:2:      cheibrodos_pilgrimage, layout_rooms,
          dreamdust_ecumenical_altar_drowned_temple, nrook_campfire, hex_large
D:3:      layout_basic
D:4:      layout_loops_corners, minmay_temple_entry_overgrown, serial_shops,
          kennysheep_mini
D:5:      layout_basic, mainiacjoe_overflow_tiny_flanked,
          okawaru_metal_pillars_3, general_overflow_altar

Skill      XL: |  1  2  3  4  5 |
---------------+----------------+-----
Fighting       | 4 |  4.7
Axes           | 4 5 |  5.5
Armour         | 3 |  3.6
Unarmed Combat | 1 2 |  2.0
Dodging        | 3 |  3.7

Action                     |  1- 3 |  4- 6 || total
---------------------------+-------+-------++-------
  Melee: War axe           |    76 |    74 ||   150
         Headbutt          |     8 |     8 ||    16
 Armour: Animal skin       |     8 |       ||     8
         Leather armour    |       |     7 ||     7
         Ring mail         |       |    18 ||    18
  Dodge: Dodged            |    50 |    26 ||    76
